 Dungeon Crawl Stone Soup version 0.22.1-1-ga44c0e56f4 (webtiles) character file.

58 JedernureinKreuz the Conjurer (level 3, 0/26 HPs)
             Began as a Demigod Conjurer on Sept 20, 2018.
             Slain by a centaur (8 damage)
             ... on level 2 of the Dungeon.
             The game lasted 00:05:05 (1739 turns).

JedernureinKreuz the Conjurer (Demigod Conjurer)    Turns: 1739, Time: 00:05:06

Health: 0/26       AC:  3    Str: 11    XL:     3   Next: 51%
Magic:  3/8        EV: 11    Int: 21    God:
Gold:   102        SH:  3    Dex: 16    Spells: 5/6 levels left

rFire    . . .     SeeInvis .   l - +2 dagger (venom)
rCold    . . .     Gourm    .   f - +0 buckler
rNeg     . . .     Faith    .   h - +0 leather armour
rPois    .         Spirit   .   (no helmet)
rElec    .         Reflect  .   (no cloak)
rCorr    .         Harm     .   (no gloves)
MR       .....                  (no boots)
Stlth    ++........             (no amulet)
HPRegen  0.08/turn              (no ring)
MPRegen  0.11/turn              (no ring)

@: very slightly contaminated
A: high mp 1
a: no special abilities


You were on level 2 of the Dungeon.
You were not hungry.

You visited 1 branch of the dungeon, and saw 2 of its levels.

You collected 102 gold pieces.

Inventory:

Hand Weapons
 b - a +0 spear
 d - a +0 dagger
 e - a +0 short sword
 l - a +2 dagger of venom (weapon)
 s - a +0 quarterstaff
Missiles
 k - 59 bolts
 m - 17 sling bullets
 n - 14 poisoned needles
 o - 4 curare-tipped needles
Armour
 a - a +0 robe
 f - a +0 buckler (worn)
 h - a +0 leather armour (worn)
Jewellery
 i - an uncursed ring of ice {unknown}
Wands
 t - a wand of clouds (4)
Scrolls
 g - 3 scrolls of remove curse {unknown}
 q - a scroll of identify {unknown}
 r - a scroll of blinking {unknown}
Potions
 j - a potion of might {unknown}
 u - a potion of curing
Comestibles
 c - 4 rations
 p - 5 chunks of flesh


   Skills:
 + Level 0.9 Short Blades
 + Level 2.2 Dodging
 + Level 2.2 Stealth
 + Level 2.1 Spellcasting
 + Level 4.1 Conjurations


You had 5 spell levels left.
You knew the following spells:

 Your Spells              Type           Power        Failure   Level  Hunger
a - Magic Dart            Conj           ###.         6%          1    #......

Your spell library contained the following spells:

 Spells                   Type           Power        Failure   Level  Hunger
 Searing Ray              Conj           ###...       9%          2    ##.....
 Dazzling Spray           Conj/Hex       ##....       38%         3    ###....
 Iskenderun's Mystic Bla  Conj           ###.....     52%         4    #####..
 Force Lance              Conj/Tloc      ##......     80%         4    #####..
 Fulminant Prism          Conj/Hex       ##........   80%         4    #####..


Dungeon Overview and Level Annotations

Branches:
Dungeon (2/15)


Innate Abilities, Weirdness & Mutations

You have an increased reservoir of magic. (+10% MP)


Message History

You hit the centaur.
The centaur looks as sick as possible!
The centaur is moderately wounded.
You block the centaur's attack. The centaur hits you.
Casting: Magic Dart (safe; 6% risk of failure)
Confirm with . or Enter, or press ? or * to list all spells.
Aiming: Magic Dart (safe; 6% risk of failure)
Press: ? - help, Shift-Dir - straight line, f/p - centaur
Aim: a centaur (moderately wounded, poisoned)
The magic dart hits the centaur.
The centaur is moderately wounded.
The centaur closely misses you.
Casting: Magic Dart (safe; 6% risk of failure)
Confirm with . or Enter, or press ? or * to list all spells.
Aiming: Magic Dart (safe; 6% risk of failure)
Press: ? - help, Shift-Dir - straight line, f/p - centaur
Aim: a centaur (moderately wounded, poisoned)
The magic dart hits the centaur.
The centaur is moderately wounded.
The centaur hits you!
You die...

###.†#.....##..###.##..##........
#..................... .#........
###?.#.#...##..###.##.........#..
#................... ............
##.........##..##### #.#######...
##.......###..##### #....####...
#..####.###..#..(###....+......
#.. .......c...'.#....####..# #..
#.###c.#@(.#.#....####..# #.. .†.
#####............# .
#........##.<. #.....##.##..#
#.....##.##..# #.....##.##..#
#............. ..........##..#
...............#


You could see a centaur.

Vanquished Creatures
  An ooze (D:1)
  3 worms (D:2)
  A dart slug (D:1)
  A leopard gecko (D:2)
  2 bats
  A giant cockroach (D:1)
  9 goblins
  6 hobgoblins
  4 jackals (D:1)
  2 kobolds
  5 frilled lizards
  3 rats
38 creatures vanquished.

Notes
Turn   | Place    | Note
-------+----------+-------------------------------------------
     0 | D:1      | JedernureinKreuz the Demigod Conjurer began the quest for
                  | the Orb.
     0 | D:1      | Reached XP level 1. HP: 14/14 MP: 5/5
   209 | D:1      | Reached XP level 2. HP: 17/20 MP: 1/7
   378 | D:1      | Reached skill level 4 in Conjurations
   913 | D:1      | Reached XP level 3. HP: 26/26 MP: 8/8
  1727 | D:2      | Noticed a centaur
  1739 | D:2      | Slain by a centaur

Skill      XL: |  1  2 |
---------------+-------+-----
Dodging        | 2 |  2.2
Stealth        | 2 |  2.2
Spellcasting   | 2 |  2.1
Conjurations   | 4 |  4.1
Short Blades   | |  0.9

Action                   || total
-------------------------++-------
Melee: Short sword       ||    45
       Spear             ||     5
       Dagger            ||    23
 Cast: Magic Dart        ||    47
  Use: Potion            ||     1
 Stab: Sleeping          ||     1
  Eat: Chunk             ||     3
Armor: Robe              ||     4
       Leather armour    ||     7
Dodge: Dodged            ||    41
Block: Buckler           ||     7
